AoeStats
← penguin952730

Arabia

510364302Analyzed
2v2 RM · 2d ago on Sep 30, 2026· 40m 28s· 4 players
Game mode
Random Map
Map size
Medium (4 player)
Population
200
Speed
Normal
Resources
Standard
Victory
Conquest
Starting age
Dark Age
Ending age
Imperial Age
RankedLock teamsTeams togetherTeam positionsShared explorationLock speedFull tech treeHidden civsTurbo modeCheats
Victory
Defeat
🇹🇼 Magyars · Taiwan
1222
+14
🇦🇷 Ethiopians · Argentina
1158
+17
🇨🇭 Celts · Switzerland
1224
-17
🇷🇴 Varangians · Romania
1132
-14
Spectres
7:57 Loom
8:03 Loom
10:54 Feudal Age
11:34 Double-Bit Axe
17:33 Castle Age
15:51 Horse Collar
17:08 Gold Mining
17:11 Stone Mining
18:47 Heavy Plow
26:48 Wheelbarrow
28:20 Forging
27:33 Pikeman
33:49 Imperial Age
32:44 Scale Mail Armor
35:00 Conscription
35:15 Hand Cart
34:51 Halberdier
36:11 Chain Mail Armor
36:40 Arson
dark_alex
5:57 Loom
7:05 Loom
9:33 Feudal Age
10:07 Double-Bit Axe
14:52 Bloodlines
16:12 Fletching
18:22 Scale Barding Armor
20:18 Wheelbarrow
22:38 Forging
26:24 Castle Age
penguin952730
6:51 Loom
10:14 Feudal Age
10:43 Horse Collar
10:54 Double-Bit Axe
17:47 Gold Mining
20:04 Castle Age
18:26 Stone Mining
19:09 Scale Barding Armor
21:02 Bow Saw
21:02 Heavy Plow
21:43 Chain Barding Armor
21:37 Bloodlines
22:43 Husbandry
30:36 Gold Shaft Mining
40:20 Imperial Age
38:56 Fletching
39:42 Bodkin Arrow
40:53 Padded Archer Armor
41:07 Thumb Ring
ColoX
6:35 Loom
9:29 Feudal Age
9:49 Man-at-Arms
10:16 Double-Bit Axe
17:08 Fletching
20:04 Wheelbarrow
23:04 Castle Age
21:44 Padded Archer Armor
23:05 Crossbowman
23:40 Bodkin Arrow
23:57 Bow Saw
25:05 Leather Archer Armor
27:53 Horse Collar
30:00 Thumb Ring
32:35 Ballistics
33:00 Hand Cart
35:17 Stone Mining
35:18 Gold Mining
35:42 Town Watch
39:34 Imperial Age
39:49 Town Patrol
39:40 Arbalester
40:23 Bracer
41:25 Chemistry
41:05 Conscription
Connection lost

Rejoining the realm…

Still unreachable

The connection could not be restored.

Session expired

The server has moved on; the page needs a fresh start.